[Event "CCT Chessable Masters D-II 2024"]
[Site "Online"]
[Date "2024.02.02"]
[Round "1"]
[White "Nakamura, Hikaru"]
[Black "Yu, Yangyi"]
[Result "0-1"]
[ECO "E32"]
[WhiteElo "2788"]
[BlackElo "2720"]
[Annotator "TA"]
[PlyCount "89"]
[EventDate "2024.01.12"]
[EventType "k.o."]
[EventCountry "NET"]
[SourceTitle "playchess.com"]
[Source "ChessBase"]
[SourceQuality "1"]
[TimeControl "600+2"]

1. d4 Nf6 2. c4 e6 3. Nc3 Bb4 4. Qc2 d6 5. a3 Bxc3+ 6. Qxc3 O-O 7. Bg5 h6 8. Bh4 {[%emt 0:00:01] E32: Nimzo-Indian: Classical (4 Qc2): 4...0-0.} Nc6 9. Nf3 g5 10. Bg3 Ne4 11. Qc2 f5 12. e3 Qf6 13. Bd3 Nxg3 $1 14. fxg3 $146 (14. hxg3 $142 e5 15. d5) ({Predecessor:} 14. hxg3 e5 15. d5 Ne7 16. Be2 f4 17. gxf4 exf4 18. e4 Bg4 19. O-O-O Bxf3 20. Bxf3 {1-0 Akobian,V (2614)-Henderson de la Fuente,L (2491) Titled Tuesday intern op 14th April blitz 2020 (8)}) 14... e5 $11 15. d5 e4 16. dxc6 exd3 17. Qxd3 bxc6 18. O-O c5 19. b4 Bb7 20. Nd2 Rae8 21. Rab1 Bc6 22. b5 Bb7 23. a4 Re5 24. a5 Qe6 25. Rb3 (25. Rbe1 $11 {keeps the balance.}) 25... Re8 $1 $17 26. Re1 d5 (26... f4 $17 27. gxf4 gxf4) 27. b6 $2 (27. Rf1 $15) 27... cxb6 $19 28. axb6 a6 $2 ({Black should try} 28... dxc4 $19 29. Nxc4 Ba6) 29. Rc1 $2 {[%emt 0:00:10][%mdl 8192] [#]} (29. Rf1 $11) 29... d4 $1 $19 30. Qe2 (30. exd4 $2 Re1+ 31. Rxe1 Qxe1+ 32. Qf1 (32. Nf1 $2 Re2 $19) 32... Qxd2 $19) 30... Rxe3 31. Rxe3 dxe3 (31... Qxe3+ 32. Qxe3 Rxe3 (32... dxe3 33. Nb3 $11) 33. Kf2 $19) 32. Nf1 Qxb6 (32... Re7 $19 {[%cal Of5f4] Strongly threatening ...f4!} 33. h4 f4 (33... Qxb6 34. hxg5 hxg5 35. Nxe3 $17) 34. hxg5 hxg5 (34... Qxb6 35. gxf4 hxg5 36. f5 $15)) 33. h4 $2 (33. Nxe3 $17 Qb3 34. Kf2) 33... Qc6 $19 34. Rc3 {[%emt 0:00:16] [#]} (34. hxg5 $142 hxg5 35. Rd1) 34... Qxg2+ (34... f4 $142 $1 {[%cal Oc6g2][%mdl 512] Hoping for ...Qxg2+!} 35. Rc1 (35. hxg5 Qxg2+) 35... Qf6) 35. Qxg2 $19 Bxg2 36. Nxe3 Be4 37. hxg5 hxg5 38. Ra3 Re6 39. Ra5 Rc6 40. Nd1 Kf7 41. Nc3 Ke6 42. Na4 Kd6 43. Kf2 Bc2 44. Nb2 (44. Ke3 $142) 44... Rb6 $19 45. Ra2 0-1

[Event "CCT Chessable Masters D-II 2024"]
[Site "Online"]
[Date "2024.02.02"]
[Round "1"]
[White "Nakamura, Hikaru"]
[Black "Yu, Yangyi"]
[Result "1-0"]
[ECO "D00"]
[WhiteElo "2788"]
[BlackElo "2720"]
[Annotator "RC"]
[PlyCount "119"]
[EventDate "2024.01.12"]
[EventType "k.o."]
[EventCountry "NET"]
[SourceTitle "playchess.com"]
[Source "ChessBase"]
[SourceQuality "1"]
[TimeControl "600+2"]

1. d4 Nf6 2. Bg5 d5 3. e3 c6 4. Bd3 Bg4 5. f3 Bh5 6. Nd2 Nbd7 7. c4 Bg6 8. Qc2 e5 9. cxd5 cxd5 10. dxe5 Bxd3 11. Qxd3 Nxe5 12. Qb3 Be7 13. Ne2 O-O 14. O-O h6 15. Bh4 Ng6 16. Bf2 Qa5 17. Rad1 Bc5 18. Qc2 Qb6 19. Qc3 Rfe8 20. Nd4 Rac8 21. N2b3 Bb4 22. Qd3 Ne5 23. Qe2 Nc4 24. Rc1 a5 25. a4 Nh5 26. g3 Qg6 27. Kh1 Nf6 28. Rfd1 Nd7 29. Ra1 Qg5 30. Rd3 Qf6 31. Rdd1 Nc5 32. Nc1 Qg5 33. h4 Qe5 34. Nd3 Nxd3 35. Rxd3 Bc5 36. Re1 b6 37. b3 Nd6 38. Kg2 Bxd4 39. Rxd4 Nf5 40. Rd3 Rc6 41. Qd2 Qe6 42. e4 Nxh4+ 43. gxh4 Qg6+ 44. Kh2 dxe4 45. fxe4 Rxe4 46. Rxe4 Qxe4 47. Rd8+ Kh7 48. Qd3 Qxd3 49. Rxd3 g5 50. Rd5 Kg6 51. Rb5 Rc2 52. Kg2 Kh5 53. hxg5 hxg5 54. Kf3 f6 55. Bd4 Kg6 56. Rxb6 Rd2 57. Bxf6 Kf5 58. Ke3 Ra2 59. Bd8 Rh2 60. Rb5+ 1-0

[Event "CCT Chessable Masters D-II 2024"]
[Site "Online"]
[Date "2024.02.02"]
[Round "1"]
[White "Sibelephant"]
[Black "Micki-taryan"]
[Result "1-0"]
[ECO "C67"]
[WhiteElo "2788"]
[BlackElo "2625"]
[Annotator "TA"]
[PlyCount "133"]
[EventDate "2024.01.12"]
[EventType "k.o."]
[EventCountry "NET"]
[SourceTitle "playchess.com"]
[Source "ChessBase"]
[SourceQuality "1"]
[TimeControl "600+2"]

1. e4 e5 2. Nf3 Nc6 3. Bb5 Nf6 4. O-O Nxe4 5. Re1 Nd6 6. Nxe5 Be7 7. Bf1 Nxe5 8. Rxe5 O-O 9. Nc3 {[%emt 0:00:04] C67: Ruy Lopez: Berlin Defence: 4 0-0 Nxe4.} Ne8 10. Nd5 Bd6 11. Re2 c6 12. Ne3 Bc7 13. Nf5 d5 14. Ne7+ Kh8 15. Nxc8 Rxc8 16. d4 Qd7 17. Qd3 Nf6 18. Bd2 Rfe8 $146 ({Predecessor:} 18... Ne4 19. Bb4 Bd6 20. Be1 f5 21. f3 Qf7 22. g3 c5 23. c3 c4 24. Qc2 Ng5 {1-0 Delgado Ramirez,N (2588)-Martirosyan,H (2636) Sharjah Masters 4th 2021 (6)}) 19. Rae1 Rxe2 20. Rxe2 Re8 21. g3 Rxe2 22. Bxe2 Kg8 23. Bf3 Bd6 24. b3 Qe6 25. c4 a6 26. a4 g6 27. Kg2 h5 28. Qe2 Qf5 29. h4 Ne4 30. cxd5 cxd5 31. Be3 Bf8 32. Qe1 Qe6 33. Qa5 Qd7 (33... Bd6 $5) 34. Bxe4 dxe4 35. Qe5 Qe6 36. Qb8 b6 $2 (36... Qxb3 $11 {and Black stays safe.} 37. Bh6 Qf3+ 38. Kg1 Qa3) 37. Bh6 $18 Qd6 38. Qa8 f5 (38... Qa3 $142 39. Qc8 Qe7) 39. Bxf8 Qxf8 40. Qc6 (40. Qxa6 $142 Kf7 41. Qxb6) 40... Qf7 41. Qxb6 (41. d5 $18 f4 42. gxf4 (42. Qxb6 fxg3 43. Qb8+ Kh7 $11)) 41... Kh7 $16 42. Qxa6 Qxb3 43. Qa7+ $1 Kh6 44. Qa8 (44. Qc5 $16 {Threatens to win with d5.} Qxa4 45. d5) 44... Kh7 $11 45. Qe8 (45. a5 $5 Qf3+ $8 46. Kg1 Qd1+ 47. Kh2 $11) 45... Qf3+ 46. Kg1 Qd1+ 47. Kh2 Qe2 48. Qe7+ (48. Kg2 $5 Qf3+ $8 49. Kg1 Qd1+ 50. Kh2 Qxd4 51. Kg2 $11) 48... Kg8 $2 (48... Kh6 $11) 49. Qd8+ $1 $18 Kg7 50. Qc7+ Kg8 {[%emt 0:00:00] [#]} 51. Qb8+ $1 Kg7 {[%emt 0:00:03] [#]} 52. Qf4 $2 ({White has to play} 52. Qa7+ $1 $18 Kh6 53. d5) 52... Qa2 $1 $11 53. Qe5+ Kh7 54. Kg2 Qxa4 55. Qe7+ Kh6 56. Qf8+ Kh7 57. Qf7+ Kh6 58. Qf6 Kh7 59. d5 Qb3 60. Qf7+ Kh6 61. Qg8 Qf3+ 62. Kg1 Qd1+ 63. Kh2 Qd4 64. Kg2 Qg7 $2 (64... Qf6 $11 65. Qb8 Kg7) 65. Qe8 $18 Qd4 66. d6 $1 e3 67. Qxe3+ 1-0

[Event "CCT Chessable Masters D-II 2024"]
[Site "Online"]
[Date "2024.02.02"]
[Round "1"]
[White "Keymer, Vincent"]
[Black "Svidler, Peter"]
[Result "1-0"]
[ECO "A85"]
[WhiteElo "2743"]
[BlackElo "2689"]
[Annotator "TA"]
[PlyCount "39"]
[EventDate "2024.01.12"]
[EventType "k.o."]
[EventCountry "NET"]
[SourceTitle "playchess.com"]
[Source "ChessBase"]
[SourceQuality "1"]
[TimeControl "600+2"]

1. Nf3 f5 2. d4 Nf6 3. c4 d6 4. Nc3 g6 5. e3 Bg7 6. b4 O-O 7. Bb2 Nbd7 8. Qb3 {[%emt 0:01:25] White is slightly better.} e6 9. Be2 Qe7 10. O-O b6 11. d5 {[%emt 0:01:22] dxe6 is the strong threat.} e5 12. Ng5 Re8 13. Ne6 {[%emt 0:00:15][%cal Oc3b5] [#] aiming for Nb5! White has more active pieces.} Nf8 14. Nxg7 Kxg7 15. Rae1 g5 (15... N8d7 $14) 16. f4 $16 Ng6 17. fxe5 Nxe5 {[%emt 0:00:07] [#]} 18. Nb5 $1 Kh6 (18... a5 $16) 19. Nd4 $18 {[%emt 0:00:27] Hoping for Rxf5.} Rf8 (19... a5 {was called for.} 20. Rxf5 (20. Nxf5+ Bxf5 21. Rxf5 Rf8 $18) 20... Bd7) 20. Rxf5 {[%emt 0:00:14] Weighted Error Value: White=0.02 (flawless) /Black=0.33.  Mistake:       	---       	Black=3      OK:         	White=8     	Black=4      Best:        	White=3     	---} ({Much less strong is} 20. Nxf5+ Bxf5 21. Rxf5 Ng8 $18) 1-0

[Event "CCT Chessable Masters D-II 2024"]
[Site "Online"]
[Date "2024.02.02"]
[Round "1"]
[White "AnishGiri"]
[Black "jefferyx"]
[Result "1/2-1/2"]
[ECO "D85"]
[WhiteElo "2739"]
[BlackElo "2688"]
[Annotator "TA"]
[PlyCount "60"]
[EventDate "2024.01.12"]
[EventType "k.o."]
[EventCountry "NET"]
[SourceTitle "playchess.com"]
[Source "ChessBase"]
[SourceQuality "1"]
[TimeControl "600+2"]

1. d4 Nf6 2. c4 g6 3. Nc3 d5 4. cxd5 Nxd5 5. Bd2 Nb6 6. e3 Bg7 7. f4 O-O 8. Nf3 {[%emt 0:00:03] White has an edge.} c5 9. dxc5 Nd5 10. Qb3 Bxc3 11. bxc3 Nf6 12. Rd1 Qc7 13. Bc4 Na6 14. c6 Qxc6 15. O-O Nc5 16. Ne5 Nxb3 {[%emt 0:00:20] A dynamic duo of knights.} 17. Nxc6 Nxd2 18. Nxe7+ {[%emt 0:00:00] The position is equal.} Kg7 19. Rxd2 Re8 20. Nd5 Nxd5 21. Bxd5 Rxe3 22. c4 Re7 23. Kf2 Be6 24. Re1 Kf6 25. Bxe6 Rxe6 26. Rd7 Rxe1 27. Kxe1 $11 {[%emt 0:00:01] KR-KR} Rc8 28. Rxb7 Rxc4 29. Rxa7 Rxf4 30. Ke2 Rb4 {[%emt 0:00:02] Weighted Error Value: White=0.08 (flawless) /Black=0.07 (flawless) .  Inaccurate:     	White=2     	Black=1      OK:         	White=10    	Black=9      Best:        	White=3     	Black=3} 1/2-1/2

[Event "CCT Chessable Masters D-II 2024"]
[Site "Online"]
[Date "2024.02.02"]
[Round "1"]
[White "LevonAronian"]
[Black "tptagain"]
[Result "1-0"]
[ECO "B12"]
[WhiteElo "2732"]
[BlackElo "2671"]
[Annotator "TA"]
[PlyCount "83"]
[EventDate "2024.01.12"]
[EventType "k.o."]
[EventCountry "NET"]
[SourceTitle "playchess.com"]
[Source "ChessBase"]
[SourceQuality "1"]
[TimeControl "600+2"]

1. e4 c6 2. d4 d5 3. e5 Bf5 4. h4 h6 5. Bd3 Bxd3 6. cxd3 e6 7. Nc3 Nd7 8. Nf3 {[%emt 0:00:10] The position is equal.} a6 9. h5 c5 10. dxc5 Bxc5 11. d4 Bb6 12. Kf1 Ne7 13. g4 Qc7 14. Bf4 Qc4+ 15. Kg2 Nc6 16. Rc1 {[%emt 0:00:20][%cal Oc3e4] Hoping for Ne4!} Qb4 $1 17. Na4 Ba7 (17... Bxd4 $2 {is the wrong capture.} 18. a3 (18. Rxc6 $2 Ba7 $19) 18... Qe7 19. Nxd4 $18) 18. a3 $36 {[%emt 0:00:03][%mdl 2048] White is more active.} Qe7 19. Qd3 Nb6 20. Nxb6 Bxb6 21. Rc3 Rc8 22. Rhc1 Rc7 23. b4 (23. Bd2 {simplifies} Rc8 24. b4 Bd8 25. Rb1) 23... Kd7 (23... Qd7 $11) 24. b5 $16 axb5 25. Qxb5 Ba7 26. a4 (26. Bd2 $18) 26... Rhc8 27. R1c2 (27. Bd2 $142) 27... Kd8 28. Be3 (28. Qb2 $1 $16) 28... Qd7 (28... Nb4 $14 29. Rxc7 Rxc7) 29. Qb1 (29. g5 $1 $18 ) 29... Qe7 (29... f5 $16 {was called for.}) 30. Rb2 $18 Na5 (30... f6 $18 31. exf6 Qf7 32. fxg7 Qxg7) 31. Rxc7 $16 Rxc7 {[%emt 0:00:01] [#]} 32. Bd2 (32. g5 $142 $1 {Threatens to win with Qh7.} Nc4 33. gxh6 Nxe3+ 34. fxe3 gxh6 35. Kh3) 32... Nc6 33. Qd3 Kc8 34. a5 Kb8 35. a6 Ka8 36. Be3 ({Better is} 36. axb7+ $18 Rxb7 37. Rc2) 36... bxa6 37. Qxa6 Qd7 38. Ne1 {[%emt 0:00:17] White has more active pieces.} (38. Rb3 $142) 38... Rb7 39. Rxb7 (39. Rd2 $16) 39... Qxb7 $14 40. Qd3 {[%emt 0:00:01] Qh7 would now be deadly.} Qb2 {[%emt 0:00:06] [#]} (40... Nxe5 $11 {keeps the balance.} 41. dxe5 d4+ 42. Nf3 dxe3) 41. Nf3 $1 $16 {[%emt 0:00:06] Qh7 is the strong threat.} Nb4 $2 (41... Qb4 $16) 42. Qb5 {[%emt 0:00:07] Weighted Error Value: White=0.19 (very precise) /Black=0.24 (precise) .  Loses game:     	---       	Black=1      Mistake:       	White=8     	Black=5      Inaccurate:     	White=1     	Black=1      OK:         	White=18    	Black=12     Best:        	White=1     	Black=1      Strong:       	White=1     	Black=1} 1-0

[Event "CCT Chessable Masters D-II 2024"]
[Site "Online"]
[Date "2024.02.02"]
[Round "1"]
[White "Yu, Yangyi"]
[Black "Nakamura, Hikaru"]
[Result "0-1"]
[ECO "C54"]
[WhiteElo "2720"]
[BlackElo "2788"]
[Annotator "TA"]
[PlyCount "48"]
[EventDate "2024.01.12"]
[EventType "k.o."]
[EventCountry "NET"]
[SourceTitle "playchess.com"]
[Source "ChessBase"]
[SourceQuality "1"]
[TimeControl "600+2"]

1. e4 e5 2. Nf3 Nc6 3. Bc4 Nf6 4. d3 Bc5 5. O-O d6 6. c3 a6 7. Nbd2 Ba7 8. Bb3 O-O 9. Re1 Ng4 10. Re2 Kh8 11. Nf1 f5 12. Bg5 {[%emt 0:00:14] The position is equal.} (12. exf5 $5 Bxf5 13. Ng3 $11) 12... Qe8 13. exf5 Bxf5 14. Ng3 Qg6 15. Bc2 d5 {[%emt 0:02:00][%cal Oe5e4] ...e4! is the strong threat.} 16. Qd2 $1 {[%emt 0:00:27] Threatens to win with Nh4.} Nxf2 17. Be3 (17. Rxf2 $11 Bxf2+ 18. Kxf2) 17... Bxe3 $17 (17... Nxd3 $2 {is the wrong capture.} 18. Nxf5 Qxf5 19. Bxa7 $18 (19. Bxd3 e4 $16) (19. Qxd3 Qxd3 20. Bxd3 e4 $11)) 18. Rxe3 {[%emt 0:00:00] [#]} Ng4 $36 {[%emt 0:00:21][%mdl 2048] Black is really pushing. Black is much more active.} 19. Nh4 $2 {[%emt 0:00:04][%mdl 8192] [#] This move loses the game for White.} (19. Re2 $17 Qd6 20. h3) 19... Qh6 $1 $19 20. Ngxf5 Rxf5 21. Nxf5 Qxh2+ 22. Kf1 {[%emt 0:00:00] Strongly threatening Rh3.} Rf8 {[%emt 0:01:10] Black is clearly winning.} 23. d4 e4 24. Ke2 Rxf5 {[%emt 0:00:07] Weighted Error Value: White=1.10/Black=0.00 (flawless) .  Loses game:     	White=1     	---        Mistake:       	White=1     	---        Inaccurate:     	White=3     	---        OK:         	White=4     	Black=7      Best:        	---       	Black=1      Strong:       	White=1     	Black=1} 0-1

[Event "CCT Chessable Masters D-II 2024"]
[Site "Online"]
[Date "2024.02.02"]
[Round "1"]
[White "Sevian, Samuel"]
[Black "Vokhidov, Shamsiddin"]
[Result "1/2-1/2"]
[ECO "A20"]
[WhiteElo "2697"]
[BlackElo "2596"]
[Annotator "TA"]
[PlyCount "121"]
[EventDate "2024.01.12"]
[EventType "k.o."]
[EventCountry "NET"]
[SourceTitle "playchess.com"]
[Source "ChessBase"]
[SourceQuality "1"]
[TimeControl "600+2"]

1. c4 e5 2. g3 Nf6 3. Bg2 c6 4. Nf3 e4 5. Nd4 Qb6 6. Nb3 {[%emt 0:00:24] A20: English Opening: 1...e5.} a5 7. d3 a4 8. N3d2 Bc5 9. O-O e3 10. fxe3 Bxe3+ 11. Kh1 Ng4 12. Ne4 O-O 13. Nbc3 d5 14. cxd5 Bxc1 15. Qxc1 Ne3 $5 {[%emt 0:00:02][%mdl 4] Exploring less charted territory.} 16. Rf3 Nxd5 17. Qd2 Nd7 18. d4 $146 (18. Nxd5 $1 $14 cxd5 19. Nc3) ({Predecessor:} 18. Nxd5 cxd5 19. Nc3 Nf6 20. Raf1 Be6 21. Rxf6 gxf6 22. Nxd5 Bxd5 23. Bxd5 Kh8 24. Be4 {½-½ Svidler,P (2714)-So,W (2770) Paris GCT Blitz 2021 (13)}) 18... Qd8 $11 19. Raf1 N7b6 20. h3 Qe7 21. b3 (21. Nxd5 {simplifies} cxd5 22. Nc3 Be6 23. Qd3) 21... axb3 22. axb3 Nxc3 23. Nxc3 Be6 24. Ne4 Nd7 25. Ng5 h6 26. Nxe6 Qxe6 27. Re3 Qd6 28. Rd3 Rad8 29. Qa5 Nf6 30. e4 Qe7 31. Qf5 Qe6 32. Qxe6 fxe6 33. Rfd1 Rd7 34. Kg1 Rfd8 35. Kf2 Ra8 36. Bf3 Ra2+ 37. R1d2 Ra1 38. Rd1 Ra2+ 39. R1d2 Ra1 40. Ke3 Kf7 41. Bd1 Ke7 42. b4 Rd8 43. b5 $1 cxb5 44. Rb2 e5 45. dxe5 Rxd3+ 46. Kxd3 Rxd1+ 47. Ke2 Rh1 48. exf6+ Kxf6 49. Kf3 $1 Rxh3 50. Rxb5 Rh1 51. Rxb7 Rf1+ 52. Kg4 g6 53. Rb6+ Kf7 54. Ra6 Rf2 55. Ra8 Rf1 56. Rh8 Kg7 57. Rb8 Kf7 58. Rb4 Kf6 59. Rb6+ Kf7 60. Rb7+ Kf6 61. Rb6+ 1/2-1/2

[Event "CCT Chessable Masters D-II 2024"]
[Site "Online"]
[Date "2024.02.02"]
[Round "1"]
[White "jefferyx"]
[Black "AnishGiri"]
[Result "1-0"]
[ECO "C43"]
[WhiteElo "2692"]
[BlackElo "2735"]
[Annotator "ChessBase"]
[PlyCount "99"]
[EventDate "2024.01.12"]
[EventType "k.o."]
[EventCountry "NET"]
[SourceTitle "playchess.com"]
[Source "ChessBase"]
[SourceQuality "1"]
[TimeControl "600+2"]

1. e4 e5 2. Nf3 Nf6 3. d4 Nxe4 4. Bd3 d5 5. dxe5 Nc5 6. O-O Be7 7. Be3 O-O 8. Be2 c6 9. Nbd2 Nbd7 10. Re1 a5 11. c4 Nb6 12. Nb3 Nxb3 13. axb3 dxc4 14. Qxd8 Bxd8 15. bxc4 Be6 16. Rec1 Nd7 17. Nd4 Nxe5 18. f4 Ng4 19. Nxe6 Nxe3 20. Nxf8 Kxf8 21. g4 Bf6 22. Kf2 Bd4 23. Kf3 f5 24. h3 fxg4+ 25. hxg4 Re8 26. Rxa5 Nxg4 27. Kxg4 Rxe2 28. b4 Re7 29. Rd1 Bc3 30. Ra8+ Kf7 31. b5 cxb5 32. cxb5 g6 33. Rad8 h5+ 34. Kf3 b6 35. R1d6 Bb4 36. R6d7 Bc5 37. Rxe7+ Kxe7 38. Rc8 Bg1 39. Rc7+ Kf6 40. Rc1 Bd4 41. Ke4 Bf2 42. Rc6+ Kg7 43. Rc2 Be1 44. Rc7+ Kh6 45. Rc6 Bf2 46. f5 h4 47. Rxg6+ Kh5 48. Rg8 Bc5 49. f6 h3 50. Kf3 1-0

[Event "CCT Chessable Masters D-II 2024"]
[Site "Online"]
[Date "2024.02.02"]
[Round "1"]
[White "Svidler, Peter"]
[Black "Keymer, Vincent"]
[Result "0-1"]
[ECO "A15"]
[WhiteElo "2689"]
[BlackElo "2743"]
[Annotator "TA"]
[PlyCount "70"]
[EventDate "2024.01.12"]
[EventType "k.o."]
[EventCountry "NET"]
[SourceTitle "playchess.com"]
[Source "ChessBase"]
[SourceQuality "1"]
[TimeControl "600+2"]

1. c4 Nf6 2. e3 e6 3. b3 c5 4. Bb2 Nc6 5. g4 h6 6. h4 ({White should play} 6. Bg2 $15) 6... d5 $17 7. Bg2 dxc4 {[%emt 0:01:58] ...Nb4 is the strong threat.} 8. bxc4 (8. Na3 $15) 8... e5 9. g5 hxg5 10. hxg5 Rxh1 11. Bxh1 {[%emt 0:00:00] [#]} Ng4 {[%emt 0:00:01] Hoping for ...Nb4.} 12. Bxc6+ bxc6 13. Qf3 Rb8 $1 (13... Qxg5 $2 {is the wrong capture.} 14. Qxc6+ Kd8 15. Qxa8 $18) 14. Bc3 Qxg5 {[%emt 0:00:08][%cal Og4e3] aiming for ...Nxe3! Black is more active.} 15. Ne2 (15. Qxc6+ $17 {keeps fighting.} Bd7 16. Qg2) 15... Bd7 ({Better is} 15... Qf5 $19 16. Qxf5 Bxf5) 16. d3 Qg6 17. e4 Be7 (17... Nh2 $19 18. Qg3 Qxg3 19. Nxg3 Nf3+ 20. Kd1 Nd4) 18. Nd2 $15 Qh6 19. O-O-O $1 Qh2 (19... Qf6 {simplifies} 20. Qxf6 gxf6 21. Rf1 Be6) 20. Rh1 (20. Rf1 $11) 20... Qxf2 $17 21. Rh8+ Bf8 22. Qxf2 Nxf2 23. Kc2 {[%emt 0:00:00] [#]} f6 24. Nb3 Bg4 25. Nec1 (25. Rh2 {is a better defense.} Nh3 26. Bd2) 25... Kf7 26. Nxc5 Bd6 (26... Nd1 $19 27. N1b3 Nxc3 28. Kxc3 Bd6 29. Rxb8 Bxb8) 27. Rxb8 Bxb8 28. Na6 Bd6 29. c5 (29. Be1 $17 Nh3 30. Nb3) 29... Be7 30. Be1 Nh3 31. Nb3 Nf4 (31... Be6 $19 {has better winning chances.} 32. Bd2 g6) 32. Na5 $2 {[%emt 0:00:04] Loses the game.} (32. Bf2 $17) 32... Be2 $19 {[%emt 0:00:05] Black has a decisive advantage.} 33. Nb4 Bxc5 34. Naxc6 Bxb4 35. Nxb4 a5 {[%emt 0:00:01] Weighted Error Value: White=0.30/Black=0.21 (precise) .  Loses game:     	White=1     	---        Mistake:       	White=5     	Black=4      Inaccurate:     	White=2     	Black=1      OK:         	White=9     	Black=12     Best:        	White=2     	Black=3      Strong:       	White=1     	Black=1} 0-1

[Event "CCT Chessable Masters D-II 2024"]
[Site "Online"]
[Date "2024.02.02"]
[Round "1"]
[White "jefferyx"]
[Black "AnishGiri"]
[Result "1/2-1/2"]
[ECO "B51"]
[WhiteElo "2689"]
[BlackElo "2738"]
[Annotator "ChessBase"]
[PlyCount "286"]
[EventDate "2024.01.12"]
[EventType "k.o."]
[EventCountry "NET"]
[SourceTitle "playchess.com"]
[Source "ChessBase"]
[SourceQuality "1"]
[TimeControl "600+2"]

1. e4 c5 2. Nf3 d6 3. Bb5+ Nd7 4. d4 cxd4 5. Nxd4 Ngf6 6. O-O a6 7. Bd3 Nc5 8. Re1 e5 9. Nf3 b5 10. b4 Nxd3 11. Qxd3 Be6 12. a4 Bc4 13. Qe3 Be7 14. Na3 Be6 15. Qd3 bxa4 16. Bg5 O-O 17. Nc4 d5 18. Bxf6 Bxf6 19. Ncxe5 dxe4 20. Qxe4 Bd5 21. Qd3 Bxf3 22. Qxf3 Qc7 23. Qf5 Rfe8 24. f4 Qb6+ 25. Kh1 Qxb4 26. Qe4 Qxe4 27. Rxe4 Rac8 28. Rexa4 Rxc2 29. Rxa6 Bxe5 30. fxe5 Re2 31. R6a5 g6 32. h4 Kg7 33. Rf1 Re7 34. Kh2 Rd7 35. Kh3 Re7 36. Kg3 R2xe5 37. Rxe5 Rxe5 38. Ra1 Re3+ 39. Kf2 Re4 40. g3 Re7 41. Kf3 f6 42. Ra6 h5 43. Rb6 Kf7 44. Ra6 Rd7 45. Rb6 Rd3+ 46. Kf2 Ke7 47. Ra6 Rd6 48. Ra4 Ke6 49. Ke3 Rd5 50. Rb4 g5 51. hxg5 fxg5 52. Kf3 Rd3+ 53. Kf2 Rd2+ 54. Kf1 Kf5 55. Ra4 Ke5 56. Rb4 Rd4 57. Rb2 Kf5 58. Kg2 Kg4 59. Ra2 Rc4 60. Rb2 Ra4 61. Rc2 Rb4 62. Ra2 Rd4 63. Rb2 Kf5 64. Rb5+ Kg4 65. Rb2 Re4 66. Ra2 Kf5 67. Kf3 Re5 68. Kg2 Rd5 69. Rf2+ Ke4 70. Re2+ Kd3 71. Re8 Kc3 72. Rc8+ Kd2 73. Re8 Kd1 74. Kf2 Rd2+ 75. Kf1 Rd3 76. Kf2 Rd5 77. Re1+ Kd2 78. Re2+ Kd3 79. Re8 Rf5+ 80. Kg2 Kd4 81. Re2 Re5 82. Ra2 Ke4 83. Re2+ Kf5 84. Ra2 Rd5 85. Rb2 Ke4 86. Re2+ Kd3 87. Re8 Kd4 88. Re2 Re5 89. Ra2 Rd5 90. Re2 Kc3 91. Re8 Rd2+ 92. Kf1 Kd3 93. Re5 g4 94. Kg1 Kd4 95. Re8 Rb2 96. Kf1 Rb3 97. Kf2 Rf3+ 98. Kg2 Re3 99. Rd8+ Ke4 100. Re8+ Kd3 101. Rd8+ Ke2 102. Rh8 Re5 103. Ra8 Rd5 104. Re8+ Kd1 105. Kf2 Kd2 106. Re2+ Kc3 107. Re8 Rd2+ 108. Kf1 Rd5 109. Kf2 Rf5+ 110. Kg2 Kd4 111. Rd8+ Rd5 112. Re8 Re5 113. Rd8+ Ke3 114. Ra8 Rd5 115. Re8+ Kd4 116. Ra8 Ke5 117. Re8+ Kf6 118. Rf8+ Kg7 119. Rf2 Kg6 120. Ra2 Kf6 121. Rf2+ Ke6 122. Re2+ Kf5 123. Rf2+ Ke6 124. Re2+ Re5 125. Rd2 Re3 126. Ra2 Ke5 127. Ra5+ Ke4 128. Ra4+ Kf5 129. Ra5+ Re5 130. Ra2 Kg5 131. Rb2 Ra5 132. Rc2 Rd5 133. Rb2 Kf5 134. Ra2 Ke4 135. Re2+ Kd3 136. Re8 Kc3 137. Rc8+ Kd4 138. Ra8 Kc5 139. Ra5+ Kd6 140. Ra6+ Ke5 141. Ra2 Rc5 142. Re2+ Kd4 143. Re8 Kd3 1/2-1/2